 Dungeon Crawl Stone Soup version 0.29-a0-994-gc5c9f59d18 (webtiles) character file.

Game seed: 5091997356271681646

4 vurker the Sneak (level 1, -2/16 HPs)
             Began as a Minotaur Enchanter on Aug 3, 2022.
             Slain by a jackal (3 damage)
             ... on level 1 of the Dungeon.
             The game lasted 00:00:22 (126 turns).

vurker the Sneak (Minotaur Enchanter)                Turns: 126, Time: 00:00:22

Health: -2/16      AC:  2    Str: 12    XL:     1   Next: 58%
Magic:  1/1        EV: 12    Int: 12    God:
Gold:   0          SH:  0    Dex: 10    Spells: 2/2 levels left

rFire   . . .      SeeInvis .   a - +1 dagger
rCold   . . .      Faith    .   (no shield)
rNeg    . . .      Spirit   .   b - +0 robe
rPois   .          Reflect  .   (helmet restricted)
rElec   .          Harm     .   (no cloak)
rCorr   .          Rampage  .   (no gloves)
Will    .....                   (no boots)
Stlth   ++........              (no amulet)
HPRegen 0.05/turn               (no ring)
MPRegen 0.07/turn               (no ring)

@: no status effects
A: horns 2, retaliatory headbutt
a: no special abilities


You were on level 1 of the Dungeon.
You visited 1 branch of the dungeon, and saw 1 of its levels.

Inventory:

Hand Weapons
 a - a +1 dagger (weapon)
Armour
 b - a +0 robe (worn)
Scrolls
 d - a scroll of teleportation {unknown}
Potions
 c - 2 potions of invisibility


   Skills:
 * Level 1.0 Fighting
 - Level 1.1 Short Blades
 + Level 0.4 Armour
 + Level 2.3 Dodging
 - Level 2.4 Stealth
 - Level 1.3 Spellcasting
 - Level 2.0 Hexes


You had 2 spell levels left.
You didn't know any spells.
Your spell library contained the following spells:

 Spells                   Type           Power      Damage    Failure   Level
 Ensorcelled Hibernation  Hex/Ice        6%         N/A       28%         2
 Confusing Touch          Hex            5%         N/A       36%         3
 Tukima's Dance           Hex            5%         N/A       36%         3
 Dazzling Flash           Conj/Hex       6%         N/A       50%         3


Dungeon Overview and Level Annotations

Branches:
Dungeon (1/15)

Altars:


Innate Abilities, Weirdness & Mutations

You have a pair of horns on your head.
You reflexively headbutt those who attack you in melee.


Message History

You hit the rat. The rat closely misses you.
You barely miss the rat. You headbutt the rat.
You kill the rat!
No target in view!
A rat comes into view.
A rat is nearby!
A jackal comes into view.
Found a stone staircase leading down.
The helpless rat fails to defend itself.
You puncture the rat!
You kill the rat! 2 jackals come into view.
The jackal barks!
You hear a bark!
A jackal comes into view.
You see here a rat corpse.
There are monsters nearby!
A goblin comes into view. It is wielding a +0 club.
The jackal bites you.
The goblin shouts!
The jackal bites you. x2
The jackal attacks as you move away!
The jackal bites you but does no damage.
The jackal bites you. x2
The jackal attacks as you move away! The jackal barely misses you.
The jackal attacks as you move away! The jackal bites you.
* * * LOW HITPOINT WARNING * * *
The jackal attacks as you move away!
The jackal bites you but does no damage.
The jackal bites you.
* * * LOW HITPOINT WARNING * * *
The jackal barks!
You hit the jackal.
A hobgoblin comes into view.
The hobgoblin shouts!
You hit the jackal. The jackal bites you.
* * * LOW HITPOINT WARNING * * *
You closely miss the jackal. You headbutt the jackal.
You kill the jackal!
The jackal misses you. You furiously retaliate!
You headbutt the jackal.
A ball python comes into view.
Your Fighting skill increases to level 1!
You barely miss the jackal.
The jackal bites you but does no damage.
The jackal bites you.
* * * LOW HITPOINT WARNING * * *
The jackal bites you.
* * * LOW HITPOINT WARNING * * *
A bat comes into view.
The jackal bites you.
You die...

...........###......
....#......[.#........b.
##.........#.#..........
##.###.................
#..#####.#............
## ..###.#........#..S
#...#.#............
#................
###......#@h...g..
........†##h#......
.###......hg..#....
............## ...
####.........# .
#.........#
#.........>..
#.........#..
#.........#...


You could see 3 jackals, a hobgoblin, a goblin, a bat and a ball python
(wandering).

Vanquished Creatures
  A jackal (D:1)
  2 bats (D:1)
  A frilled lizard (D:1)
  2 rats (D:1)
6 creatures vanquished.

Notes
Turn   | Place    | Note
-------+----------+-------------------------------------------
     0 | D:1      | vurker the Minotaur Enchanter began the quest for the Orb.
     0 | D:1      | Reached XP level 1. HP: 14/14 MP: 1/1
   126 | D:1      | Reached skill level 1 in Fighting
   126 | D:1      | Slain by a jackal

Illustrated notes

Levels and vault maps discovered:
D:1:      minmay_arrival_hallway, layout_rooms

Skill      XL: |  1 |
---------------+----+-----
Fighting       | 1 |  1.0
Short Blades   | |  1.1
Armour         | |  0.4
Dodging        | |  2.3
Stealth        | |  2.4
Spellcasting   | |  1.3
Hexes          | |  2.0

Action                   || total
-------------------------++-------
Melee: Dagger            ||    12
       Headbutt          ||     3
 Stab: Sleeping          ||     2
Armor: Robe              ||     4
Dodge: Dodged            ||     8

Table legend: (Time is in decaauts)
 A = Elapsed time spent in this place.
 B = Non-inter-level travel time spent in this place.
 C = Inter-level travel time spent in this place.
 D = Time resting spent in this place.
 E = Time spent auto-exploring this place.
 F = Levels seen in this place.
 G = Mean time per level.
                   A        B        C        D        E       F      G
               +--------+--------+--------+--------+--------+-----+--------+
         Total |    125 |    125 |      0 |      0 |     81 |   1 |  125.0 |
       Dungeon |    125 |    125 |      0 |      0 |     81 |   1 |  125.0 |
               +--------+--------+--------+--------+--------+-----+--------+

Top non-repeatable levels by time:
     D:1: 125 daAuts
